 Dungeon Crawl Stone Soup version 0.28.0-45-g0d030f2227 (webtiles) character file.

Game seed: 11178612742145864781

124 zeratav the Insei (level 5, -5/31 (34) HPs)
             Began as an Octopode Transmuter on Apr 9, 2022.
             Slain by Terence
             ... wielding the +7 Throatcutter {drain, coup de grace}
              (7 damage)
             ... on level 3 of the Dungeon.
             The game lasted 00:03:55 (2804 turns).

zeratav the Insei (Octopode Transmuter)             Turns: 2804, Time: 00:03:56

HP:   -5/31 (34)    AC:  1    Str:  9    XL:     5   Next: 8%
MP:   7/8           EV: 14    Int: 15    God:
Gold: 74            SH:  0    Dex: 15    Spells: 7/8 levels left

rFire   . . .      SeeInvis .     - Unarmed
rCold   . . .      Faith    .   (no shield)
rNeg    . . .      Spirit   .   (helmet currently unavailable)
rPois   .          Reflect  .   (no amulet)
rElec   .          Harm     .   (no ring)
rCorr   .          Rampage  .   (no ring)
Will    .....                   (no ring)
Stlth   +++.......              (no ring)
HPRegen 0.10/turn               (no ring)
MPRegen 0.11/turn               (no ring)
                                (no ring)
                                (no ring)

@: appendages (expiring), drained
A: tentacle spike 3, almost no armour, amphibious, 8 rings, camouflage 1,
gelatinous body 1, (nimble swimmer 1), tentacles
a: End Transformation


You were on level 3 of the Dungeon.
One of your tentacles had grown a beastly spike.
You visited 1 branch of the dungeon, and saw 3 of its levels.

You collected 74 gold pieces.


Innate Abilities, Weirdness & Mutations

One of your tentacles has grown a beastly spike.
You cannot wear most types of armour.
You are amphibious.
You can wear up to eight rings at the same time.
Your skin changes colour to match your surroundings (Stealth+).
Your rubbery body absorbs attacks. (AC +1, EV +1)
((You are camouflaged when in or above water. (Stealth+)))
You have tentacles for arms and can constrict up to eight enemies at once.


   Skills:
 + Level 2.1 Fighting
 + Level 2.7 Dodging
 + Level 2.7 Stealth
 * Level 4.2 Unarmed Combat
 - Level 2.0 Spellcasting
 - Level 2.0 Transmutations


You had 7 spell levels left.
You knew the following spells:

 Your Spells              Type           Power      Damage    Failure   Level
a - Beastly Appendage     Tmut           14%        N/A       10%         1

Your spell library contained the following spells:

 Spells                   Type           Power      Damage    Failure   Level
 Wereblood                Tmut           7%         N/A       14%         2
 Spider Form              Tmut/Pois      4%         N/A       41%         3
 Tukima's Dance           Hex            1%         N/A       54%         3
 Ice Form                 Ice/Tmut       4%         N/A       82%         4
 Passage of Golubria      Tloc           1%         N/A       91%         4
 Yara's Violent Unravell  Hex/Tmut       2%         3d3       99%         5

Inventory:

Scrolls
 a - a scroll of fear {unknown}
 e - a scroll of acquirement {unknown}
 f - a scroll of amnesia {unknown}
 g - 3 scrolls of identify {unknown}
Potions
 b - a potion of curing {unknown}
 c - a potion of mutation {unknown}
 d - a potion of lignification {unknown}

Dungeon Overview and Level Annotations

Branches:
Dungeon (3/15)

Altars:

Annotations:
D:3 Terence

################
[..............##
#######......#..#
#......##.##
#......##..####
#######...@...#
#..@....#
#.......#
.'.........
###.....#####
#.....# #####..
#.


You could see Terence.


Message History

HP[-5]
You take 5 damage, and now have 21/29 hp.
You climb upwards.
Reactivating autopickup.
There is a stone staircase leading down here.
You start resting.
HP[+8]
Your hp is fully restored (29).
You start waiting.
An endoplasm is nearby!
An endoplasm is nearby!
The endoplasm quivers.
The endoplasm closely misses you.
You barely miss the endoplasm.
You squeeze the endoplasm, but do no damage.
The endoplasm freezes you.
You are frozen.
HP[-5]
You take 5 damage, and now have 24/29 hp.
You barely miss the endoplasm. You squeeze the endoplasm.
You kill the endoplasm!
HP[+1]
You start resting.
HP[+4]
Your hp is fully restored (29).
Casting: Beastly Appendage (safe; 10% risk of failure)
Confirm with . or Enter, or press ? or * to list all spells.
One of your tentacles grows a vicious spike.
Your transformation is almost over.
MP[-1]
You lost 1 mp, and now have 6/7 mp.
There is a stone staircase leading down here.
You climb downwards.
Level annotation: Terence The orc closely misses you.
There is a stone staircase leading up here.
You tentacle-slap the orc. Your grab misses the orc.
You pierce the orc.
You kill the orc!
You tentacle-slap the orc but do no damage.
You grab the orc.
You pierce the orc.
You constrict the orc.
You kill the orc!
Things that are here:
a +0 war axe {axe}; 2 boomerangs {throwing} Unknown command.
You tentacle-slap the orc wizard. You grab the orc wizard.
Your tentacle spike misses the orc wizard.
You constrict the orc wizard, but do no damage.
The orc wizard misses you.
MP[+1]
Your mp is fully restored (7).
You tentacle-slap the orc wizard. Your squeeze misses the orc wizard.
Your tentacle spike disappears.
You constrict the orc wizard.
The orc wizard hits you with a +0 dagger.
HP[-4]
You take 4 damage, and now have 25/29 hp.
You tentacle-slap the orc wizard but do no damage.
You constrict the orc wizard. The orc wizard casts a spell at you.
The puff of flame misses you.
You tentacle-slap the orc wizard but do no damage.
You constrict the orc wizard.
The orc wizard mumbles some strange words.
The orc wizard flickers and vanishes!
Deactivating autopickup; reactivate with Ctrl-A.
You tentacle-slap something but do no damage.
You squeeze something!
Reactivating autopickup.
You feel a bit more experienced.
You have reached level 5!
You feel agile.
HP[+4] MP[+1]
You now have 34 max hp (+5).
You regained 4 hp, and now have 29/34 hp.
Your mp is fully restored (8).
Things that are here:
a +0 dagger {short}; a +0 robe; an orc corpse You start resting.
HP[+5]
Your hp is fully restored (34).
Things that are here:
a +0 leather armour; a +0 club {mace}
Casting: Beastly Appendage (safe; 10% risk of failure)
Confirm with . or Enter, or press ? or * to list all spells.
One of your tentacles grows a vicious spike.
Terence shouts!
Your transformation is almost over.
Terence hits you with the +7 Throatcutter {drain, coup de grace}!
You feel drained.
HP[-17] MP[-1]
You now have 33 max hp (-1).
You take 17 damage, and now have 17/33 hp.
MASSIVE DAMAGE!! (PAUSE)
You lost 1 mp, and now have 7/8 mp.
You closely miss Terence. You grab Terence.
You constrict Terence, but do no damage.
Terence hits you with the +7 Throatcutter {drain, coup de grace}!
* * * LOW HITPOINT WARNING * * *
You feel drained.
You die...

Skill      XL: |  1  2  3  4 |
---------------+-------------+-----
Stealth        | 1 2 |  2.7
Unarmed Combat | 4 |  4.2
Fighting       | 2 |  2.1
Dodging        | |  2.7
Spellcasting   | |  2.0
Transmutations | |  2.0

Action                   |  1- 3 |  4- 6 || total
-------------------------+-------+-------++-------
Melee: Unarmed           |    82 |    48 ||   130
       Constrict         |    26 |    12 ||    38
       Kick              |    11 |    12 ||    23
       Tentacles         |    13 |    10 ||    23
       Punch             |     2 |       ||     2
 Cast: Beastly Appendage |    16 |    15 ||    31
 Stab: Sleeping          |     6 |     2 ||     8
Armor: Skin              |     5 |     3 ||     8
Dodge: Dodged            |    49 |    23 ||    72

Levels and vault maps discovered:
D:1:      lightli_iron_boxes, layout_rooms, minmay_liquid_box
D:2:      layout_loops_ring, shapermc_ecumenical_altar_notcrosses,
          roderic_roman_lattice
D:3:      layout_basic, uniq_terence

Notes
Turn   | Place    | Note
-------+----------+-------------------------------------------
     0 | D:1      | zeratav the Octopode Transmuter began the quest for the
                  | Orb.
     0 | D:1      | Reached XP level 1. HP: 13/13 MP: 3/3
     0 | D:1      | magus.rc [v1.9.6]
   100 | D:1      | Reached XP level 2. HP: 15/18 MP: 3/5
   161 | D:1      | Reached skill level 1 in Stealth
   224 | D:1      | You add the spells Tukima's Dance, Passage of Golubria and
                  | Yara's Violent Unravelling to your library.
   387 | D:1      | Reached XP level 3. HP: 10/23 MP: 6/6
  1232 | D:2      | Reached skill level 2 in Stealth
  1393 | D:2      | Reached XP level 4. HP: 21/29 MP: 7/7
  1414 | D:2      | HP: 7/29 [quokka (2)]
  1858 | D:2      | Found a faded altar of an unknown god.
  1904 | D:2      | Reached skill level 4 in Unarmed Combat
  2277 | D:3      | Reached skill level 2 in Fighting
  2511 | D:3      | Noticed Terence
  2734 | D:3      | Reached XP level 5. HP: 29/34 MP: 8/8
  2804 | D:3      | HP: 2/33 [Terence/the +7 Throatcutter {drain, coup de
                  | grace} (15)]
  2804 | D:3      | Slain by Terence

Vanquished Creatures
  An orc wizard (D:3)
  3 adders
  A worm (D:2)
  2 dart slugs (D:1)
  3 orcs (D:3)
  7 ball pythons
  3 bats (D:1)
  3 endoplasms
  4 giant cockroaches
  7 goblins
  3 hobgoblins
  9 kobolds
  4 quokkas
  6 frilled lizards
  5 rats
61 creatures vanquished.

Table legend:
 A = Non-vault XP
 B = Vault XP
 C = Vault XP percentage of total XP
 D = Non-vault monster count
 E = Vault monster count
 F = Vault count percentage of total count
                 A         B        C        D         E       F
            +---------+---------+-------+---------+---------+-------
      Total |     178 |       0 |   0.0 |      61 |       0 |   0.0
            +---------+---------+-------+---------+---------+-------
        D:1 |      55 |       0 |   0.0 |      32 |       0 |   0.0
        D:2 |      63 |       0 |   0.0 |      22 |       0 |   0.0
        D:3 |      60 |       0 |   0.0 |       7 |       0 |   0.0
            +---------+---------+-------+---------+---------+-------

Illustrated notes

Table legend:
 A = Kills in this place as a percentage of kills in entire the game.
 B = Kills by you in this place as a percentage of kills by you in the entire game.
 C = Kills by friends in this place as a percentage of kills by friends in the entire game.
 D = Other kills in this place as a percentage of other kills in the entire game.
 E = Experience gained in this place as a percentage of experience gained in the entire game.
 F = Experience gained in this place divided by the number of levels of this place that you have seen.
                   A       B       C       D       E      F
               +-------+-------+-------+-------+-------+----------------------
         Total | 100.0 | 100.0 |   N/A |   N/A | 100.0 |  59.3
       Dungeon | 100.0 | 100.0 |   N/A |   N/A | 100.0 |  59.3
               +-------+-------+-------+-------+-------+----------------------

Table legend: (Time is in decaauts)
 A = Elapsed time spent in this place.
 B = Non-inter-level travel time spent in this place.
 C = Inter-level travel time spent in this place.
 D = Time resting spent in this place.
 E = Time spent auto-exploring this place.
 F = Levels seen in this place.
 G = Mean time per level.
                   A        B        C        D        E       F      G
               +--------+--------+--------+--------+--------+-----+--------+
         Total |   2794 |   2749 |     45 |    429 |   1924 |   3 |  931.3 |
       Dungeon |   2794 |   2749 |     45 |    429 |   1924 |   3 |  931.3 |
               +--------+--------+--------+--------+--------+-----+--------+

Top non-repeatable levels by time:
     D:2: 1298 daAuts
     D:1: 1079 daAuts
     D:3: 416 daAuts
